 Dungeon Crawl Stone Soup version 0.23.0-28-g6fe0f4d (webtiles) character file.

Game seed: 5238705124871167114

826 Kairos the Chopper (level 7, 0/37 HPs)
             Began as a Vine Stalker Fighter on Feb 25, 2019.
             Succumbed to an orc wizard's poison
             ... on level 5 of the Dungeon.
             The game lasted 00:06:57 (4102 turns).

Kairos the Chopper (Vine Stalker Fighter)           Turns: 4102, Time: 00:06:58

Health: 0/37       AC:  9    Str: 20    XL:     7   Next: 96%
Magic:  6/8        EV:  9    Int:  8    God:
Gold:   126        SH: 10    Dex: 14    Spells: 6/6 levels left

rFire    . . .     SeeInvis .   a - +0 war axe
rCold    . . .     Gourm    .   c - +0 shield
rNeg     + . .     Faith    .   v - +2 ring mail {MR+}
rPois    .         Spirit   +   h - +0 helmet
rElec    .         Reflect  .   (no cloak)
rCorr    .         Harm     .   (no gloves)
MR       +....                  (no boots)
Stlth    +.........             (no amulet)
HPRegen  0.52/turn              l - ring of positive energy
MPRegen  0.11/turn              (no ring)

@: lethally poisoned (0 -> -20)
A: fangs 2, regeneration 1, magic shield, antimagic bite, no potion heal 3, rot
immunity
a: no special abilities


You were on level 5 of the Dungeon.
You were full.

You visited 1 branch of the dungeon, and saw 5 of its levels.

You collected 126 gold pieces.

Inventory:

Hand Weapons
 a - a +0 war axe (weapon)
Armour
 b - a +0 scale mail
 c - a +0 shield (worn)
 h - a +0 helmet (worn)
 m - a +1 ring mail of fire resistance
 v - a +2 ring mail of magic resistance (worn)
Jewellery
 l - a ring of positive energy (left hand)
Wands
 w - a wand of acid (12)
Scrolls
 g - a scroll of teleportation {unknown}
 i - 3 scrolls of remove curse {unknown}
 j - a scroll of enchant weapon {unknown}
 k - 5 scrolls of identify {unknown}
 p - a scroll of magic mapping {unknown}
 s - a scroll of amnesia {unknown}
 u - a scroll of random uselessness {unknown}
Potions
 d - a potion of might
 e - a potion of haste {unknown}
 n - a potion of lignification {unknown}
 o - 3 potions of curing
 q - 2 potions of heal wounds {unknown}
 r - a potion of resistance {unknown}
 t - 2 potions of degeneration {unknown}
 x - a potion of magic {unknown}
Comestibles
 f - 12 rations


   Skills:
 + Level 3.9 Fighting
 + Level 5.1 Axes
 + Level 4.2 Armour
 + Level 1.3 Dodging
 + Level 0.7 Stealth
 + Level 4.2 Shields


You had 6 spell levels left.
You didn't know any spells.
Your spell library was empty.

Dungeon Overview and Level Annotations

Branches:
Dungeon (5/15)
 Temple: D:4-7

Altars:
Ashenzari

Annotations:
D:4 2 transporters


Innate Abilities, Weirdness & Mutations

You have extremely sharp teeth.
Your natural rate of healing is unusually fast.
When hurt, damage is shared between your health and your magic reserves.
Your bite disrupts and absorbs the magic of your enemies.
Potions cannot restore your health.
You are immune to rotting.


Message History

Something hits you but does no damage.
You are more poisoned.
Your shield prevents you from hitting something.
Your bite misses something.
You feel sick. Something hits you but does no damage.
You closely miss something. You bite something. You drain its magic.
You feel invigorated.
You feel sick. Something hits you.
* * * LOW HITPOINT WARNING * * *
You are lethally poisoned!
Something hits you but does no damage.
You are more poisoned.
* * * LOW HITPOINT WARNING * * *
You feel very sick.
* * * LOW HITPOINT WARNING * * *
You feel very sick.
You hear some strange, mumbled words.
A puff of flame appears from out of thin air!
The puff of flame hits you.
* * * LOW HITPOINT WARNING * * *
You die...

.........## #...##
..........# ##....#
........$. ##.....##
.........
#####.......#
......[.#
#............
......).##
#............
#######..###
#............
#..{.#####............
#[...@................
##########............
#............
##...........
#...........
##..........
##......... #.........
#........#


There were no monsters in sight!

Vanquished Creatures
  Eustachio (D:4)
  Edmund (D:4)
  A sky beast (D:5)
  A bullfrog (D:4)
  A howler monkey (D:4)
  A centaur skeleton (D:4)
  3 orc wizards
  Natasha (thrice) (D:4)
  2 worker ants
  4 gnolls
  2 adders
  3 worms
  2 dart slugs (D:1)
  5 leopard geckos
  8 orcs
  5 bats
  4 giant cockroaches
  A goblin (D:2)
  6 hobgoblins
  4 jackals (D:5)
  8 kobolds
  2 quokkas (D:3)
  3 ball pythons (D:2)
  10 frilled lizards
  4 rats
85 creatures vanquished.

Notes
Turn   | Place    | Note
-------+----------+-------------------------------------------
     0 | D:1      | Kairos the Vine Stalker Fighter began the quest for the
                  | Orb.
     0 | D:1      | Reached XP level 1. HP: 11/11 MP: 2/2
   102 | D:1      | Reached XP level 2. HP: 7/16 MP: 1/3
   550 | D:1      | Reached skill level 2 in Axes
   550 | D:1      | Reached XP level 3. HP: 8/19 MP: 1/4
  1533 | D:2      | HP: 1/20 [gnoll/+0 spear (3)]
  1535 | D:1      | Gained mutation: Your natural rate of healing is unusually
                  | fast. [Vine Stalker growth]
  1535 | D:1      | Reached XP level 4. HP: 1/24 MP: 1/5
  2028 | D:3      | Reached XP level 5. HP: 24/28 MP: 4/6
  2316 | D:3      | Reached skill level 3 in Axes
  2748 | D:4      | Noticed Natasha
  2754 | D:4      | Killed Natasha
  2816 | D:4      | Reached XP level 6. HP: 15/32 MP: 5/7
  2890 | D:4      | Found a transporter.
  2901 | D:4      | Found a transporter.
  2901 | D:4      | Found a shattered altar of Ashenzari.
  2901 | D:4      | Noticed a yak
  2944 | D:4      | Noticed Edmund
  2961 | D:4      | Killed Edmund
  2969 | D:4      | Noticed Natasha
  2976 | D:4      | Killed Natasha
  2976 | D:4      | Reached skill level 4 in Axes
  3060 | D:4      | Reached XP level 7. HP: 31/37 MP: 6/8
  3248 | D:4      | Noticed Natasha
  3253 | D:4      | Killed Natasha
  3394 | D:4      | Noticed Eustachio
  3432 | D:4      | Killed Eustachio
  3432 | D:4      | Reached skill level 1 in Dodging
  3619 | D:5      | Entered Level 5 of the Dungeon
  3722 | D:5      | Reached skill level 5 in Axes
  4102 | D:5      | Succumbed to an orc wizard's poison

Skill      XL: |  1  2  3  4  5  6  7 |
---------------+----------------------+-----
Axes           | 2 3 4 5 |  5.1
Shields        | 3 4 |  4.2
Fighting       | 3 |  3.9
Armour         | 3 4 |  4.2
Dodging        | 1 |  1.3
Stealth        | |  0.7

Action                   |  1- 3 |  4- 6 |  7- 9 || total
-------------------------+-------+-------+-------++-------
Melee: War axe           |    86 |   121 |    92 ||   299
       Bite              |    24 |    39 |    33 ||    96
  Use: Potion            |       |     1 |     1 ||     2
  Eat: Chunk             |     1 |     5 |     2 ||     8
       Ration            |       |       |     2 ||     2
Armor: Scale mail        |    30 |    36 |       ||    66
       Ring mail         |       |    14 |    57 ||    71
Dodge: Dodged            |    32 |    33 |    30 ||    95
Block: Shield            |    66 |    60 |    64 ||   190
